 Dungeon Crawl Stone Soup version 0.29.1-12-g30fa7ad0bf (webtiles) character file.

Game seed: 12806382849566639698

25 mopl the Magician (level 3, -1/21 HPs)
             Began as an Octopode Hedge Wizard on Jan 2, 2023.
             Slain by a goblin
             ... wielding a +0 dagger
             ... led by Robin
              (4 damage)
             ... on level 2 of the Dungeon.
             The game lasted 00:01:42 (1267 turns).

mopl the Magician (Octopode Hedge Wizard)           Turns: 1267, Time: 00:01:42

Health: -1/21      AC:  1    Str:  9    XL:     3   Next: 6%
Magic:  5/7        EV: 12    Int: 18    God:
Gold:   153        SH:  3    Dex: 11    Spells: 5/8 levels left

rFire   + . .      SeeInvis .   a - +0 dagger
rCold   . . .      Faith    .   k - +0 buckler
rNeg    . . .      Spirit   .   b - +0 hat
rPois   .          Reflect  .   (no amulet)
rElec   .          Harm     .   h - ring of protection from fire
rCorr   .          Rampage  .   (no ring)
Will    .....                   (no ring)
Stlth   +++.......              (no ring)
HPRegen 0.07/turn               (no ring)
MPRegen 0.10/turn               (no ring)
                                (no ring)
                                (no ring)

@: on blink cooldown
A: almost no armour, amphibious, 8 rings, camouflage 1, gelatinous body 1,
(nimble swimmer 1), tentacles
a: no special abilities


You were on level 2 of the Dungeon.
You visited 1 branch of the dungeon, and saw 2 of its levels.

You collected 153 gold pieces.

Inventory:

Hand Weapons
 a - a +0 dagger (weapon)
Missiles
 d - 4 atropa-tipped darts
Armour
 b - a +0 hat (worn)
 k - a +0 buckler (worn)
Jewellery
 h - a ring of protection from fire (left tentacle)
Wands
 j - a wand of charming (3)
Scrolls
 f - a scroll of teleportation {unknown}
 g - a scroll of identify {unknown}
Potions
 c - a potion of magic
 e - a potion of berserk rage {unknown}
 i - a potion of might {unknown}
 l - a potion of cancellation {unknown}


   Skills:
 - Level 2.0 Dodging
 - Level 2.6 Stealth
 + Level 0.1 Shields
 + Level 3.4 Spellcasting
 + Level 2.0 Conjurations
 - Level 1.0 Summonings
 + Level 1.4 Translocations


You had 5 spell levels left.
You knew the following spells:

 Your Spells              Type           Power      Damage    Failure   Level
a - Magic Dart            Conj           40%        1d5       10%         1
e - Blink                 Tloc           16%        N/A       19%         2

Your spell library contained the following spells:

 Spells                   Type           Power      Damage    Failure   Level
 Slow                     Hex            12%        N/A       22%         1
 Call Imp                 Summ           6%         N/A       22%         2
 Poisonous Vapours        Pois/Air       6%         N/A       32%         2
 Conjure Flame            Conj/Fire      6%         6-21      38%         3
 Mephitic Cloud           Conj/Pois/Air  5%         N/A       43%         3
 Corpse Rot               Necr/Pois/Air  3%         N/A       91%         4


Dungeon Overview and Level Annotations

Branches:
Dungeon (2/15)

Altars:

Annotations:
D:2 Robin


Innate Abilities, Weirdness & Mutations

You cannot wear most types of armour.
You are amphibious.
You can wear up to eight rings at the same time.
Your skin changes colour to match your surroundings (Stealth+).
Your rubbery body absorbs attacks. (AC +1, EV +1)
((You are camouflaged when in or above water. (Stealth+)))
You have tentacles for arms and can constrict up to eight enemies at once.


Message History

A goblin comes into view. It is wielding a +0 club.
Unknown command.
The goblin attacks as you move away! The goblin hits you with a +0 club.
The goblin attacks as you move away! The goblin hits you with a +0 club.
You barely miss the goblin. Your grab misses the goblin.
The goblin is moderately wounded.
The goblin hits you with a +0 club.
You closely miss the goblin. Your grab misses the goblin.
Your squeeze misses the goblin. You block the goblin's attack.
You closely miss the goblin. Your grab misses the goblin.
The goblin closely misses you.
You hit the goblin. Your grab misses the goblin.
The goblin is heavily wounded.
The goblin hits you with a +0 club.
You barely miss the goblin. Your grab misses the goblin.
The goblin is heavily wounded.
Robin throws the goblin at you! The goblin hits you with a +0 club.
You hit the goblin but do no damage. Your grab misses the goblin.
The goblin is heavily wounded.
The goblin barely misses you.
You hit the goblin. Your grab misses the goblin.
The goblin is severely wounded.
Robin barely misses you. The goblin hits you with a +0 club.
You hit the goblin but do no damage. You grab the goblin.
The goblin is severely wounded.
You constrict the goblin.
You kill the goblin!
Robin hits you with a +0 mace.
* * * LOW HITPOINT WARNING * * *
Your Conjurations skill increases to level 2!
Casting: Magic Dart (safe; 10% risk of failure)
Confirm with . or Enter, or press ? or * to list all spells.
You blink.
A quokka comes into view.
A goblin comes into view. It is wielding a +0 dagger.
A hobgoblin comes into view.
Robin throws the goblin at you!
* * * LOW HITPOINT WARNING * * *
The goblin hits you with a +0 dagger.
You die...

#.#####.#.##.######
#.##......##.# #.......†...†#
#### ####.##.##.####.# #######..
..##.......####.###### ...>.##.#
#.##.##...............
####.##.####.##.#####.####.######
#.........##.##.#####........#
#.##.##.#.##.##.@g.......###.#
...[.##......##.#..##.##..# ..#
.....####..).g.#..#.###.#.....#
...#.# #######.#.##...##.#...#
...#.# #..r..#.⌠.#..#...# ...#.#
..#.#g##.[.##.# ..# ...#.#
##.###.#.###.#.# ..# †..#.# #
#..# #... .. .....# #... .... ...


You could see Robin, a hobgoblin (wandering) and a goblin.

Vanquished Creatures
  5 ball pythons
  2 bats
  2 endoplasms
  4 goblins
  3 hobgoblins
  A kobold (D:2)
  3 frilled lizards (D:2)
  A rat (D:1)
21 creatures vanquished.

Vanquished Creatures (others)
  A fungus (D:1)
  3 toadstools (D:1)
4 creatures vanquished.

Grand Total: 25 creatures vanquished

Notes
Turn   | Place    | Note
-------+----------+-------------------------------------------
     0 | D:1      | mopl the Octopode Hedge Wizard began the quest for the Orb.
     0 | D:1      | Reached XP level 1. HP: 11/11 MP: 4/4
   294 | D:1      | Reached XP level 2. HP: 17/17 MP: 4/6
   297 | D:1      | Learned a level 2 spell: Blink
   327 | D:1      | Found a faded altar of an unknown god.
  1170 | D:2      | Reached XP level 3. HP: 17/21 MP: 5/7
  1224 | D:2      | Noticed Robin
  1263 | D:2      | Reached skill level 2 in Conjurations
  1267 | D:2      | Slain by a goblin

Illustrated notes

Levels and vault maps discovered:
D:1:      dpeg_arrival_connections, layout_loops_ring,
          ebering_ecumenical_altar_webs, minmay_gold_behind_fungi
D:2:      layout_loops_cross, minmay_heptomino_d4, uniq_jessica, uniq_robin

Skill      XL: |  1  2  3 |
---------------+----------+-----
Conjurations   | 2 |  2.0
Dodging        | |  2.0
Stealth        | |  2.6
Shields        | |  0.1
Spellcasting   | |  3.4
Summonings     | |  1.0
Translocations | |  1.4

Action                   || total
-------------------------++-------
Melee: Dagger            ||    40
       Constrict         ||     8
       Tentacles         ||     5
 Cast: Magic Dart        ||    23
       Blink             ||     1
 Stab: Sleeping          ||     4
Armor: Skin              ||     3
Dodge: Dodged            ||    22
Block: Buckler           ||     2
